 Dungeon Crawl Stone Soup version 0.27.0-65-ge2af304b15 (webtiles) character file.

Game seed: 8446057409172817310

33 pkoi the Shooter (level 3, -2/30 HPs)
             Began as a Minotaur Hunter on Aug 18, 2021.
             Was a Follower of Jiyva.
             Killed from afar by Sigmund (5 damage)
             ... with a puff of flame
             ... on level 2 of the Dungeon.
             The game lasted 00:01:05 (880 turns).

pkoi the Shooter (Minotaur Hunter)                   Turns: 880, Time: 00:01:06

Health: -2/30      AC:  3    Str: 17    XL:     3   Next: 12%
Magic:  2/2        EV: 11    Int:  8    God:    Jiyva [*.....]
Gold:   49         SH:  0    Dex: 10    Spells: 2/2 levels left

rFire    . . .     SeeInvis .   b - +0 short sword
rCold    . . .     Faith    .   (no shield)
rNeg     . . .     Spirit   .   c - +0 leather armour
rPois    .         Reflect  .   (helmet restricted)
rElec    .         Harm     .   (no cloak)
rCorr    .         Rampage  .   (no gloves)
Will     .....                  (no boots)
Stlth    +.........             (no amulet)
HPRegen  0.10/turn              (no ring)
MPRegen  0.08/turn              (no ring)

@: no status effects
A: horns 2, retaliatory headbutt
a: Renounce Religion, Request Jelly


You were on level 2 of the Dungeon.
You worshipped Jiyva.
Jiyva was aware of your devotion.
You visited 1 branch of the dungeon, and saw 2 of its levels.

You collected 49 gold pieces.

Inventory:

Hand Weapons
 a - a +1 shortbow
 b - a +0 short sword (weapon)
Missiles
 d - an arrow
Armour
 c - a +0 leather armour (worn)
Scrolls
 e - 2 scrolls of teleportation {unknown}
 i - a scroll of amnesia {unknown}
 j - a scroll of enchant armour {unknown}
Potions
 f - a potion of heal wounds {unknown}
 g - a potion of invisibility {unknown}
 h - 2 potions of curing {unknown}
 k - 2 potions of lignification {unknown}


   Skills:
 - Level 2.4 Fighting
 + Level 5.6 Bows
 - Level 2.1 Dodging
 - Level 0.7 Stealth


You had 2 spell levels left.
You didn't know any spells.
Your spell library contained the following spells:

 Spells                   Type           Power      Damage    Failure   Level
 Magic Dart               Conj           0%         1d3       47%         1
 Call Imp                 Summ           0%         N/A       63%         2
 Mephitic Cloud           Conj/Pois/Air  0%         N/A       85%         3


Dungeon Overview and Level Annotations

Branches:
Dungeon (2/15)

Altars:
Jiyva

Annotations:
D:2 Sigmund


Innate Abilities, Weirdness & Mutations

You have a pair of horns on your head.
You reflexively headbutt those who attack you in melee.


Message History

The arrow hits the worm!
The worm is moderately wounded.
Sigmund gestures at you while chanting. The puff of flame misses you.
You shoot an arrow. The arrow barely misses Sigmund.
The arrow hits the worm.
The worm is heavily wounded.
Sigmund hits you from afar with a +0 scythe.
You shoot an arrow. The arrow barely misses Sigmund.
The arrow hits the worm!
You kill the worm!
Sigmund screams, "Don't try to resist!"
Sigmund casts a spell.
Sigmund flickers and vanishes!
Deactivating autopickup; reactivate with Ctrl-A.
No target in view!
No target in view!
No target in view!
No target in view!
Fire: arrow
Press: ? - help, Q - select action, (/) - cycle Shift-Dir - straight line, f - you You shoot an arrow.
A magic dart appears from out of thin air!
The magic dart hits you.
There is a strange disturbance nearby!
Unknown command.
Unknown command.
Unknown command.
Unknown command.
b - a +0 short sword (weapon)
Something hits you.
A worm comes into view.
You hear some strange, mumbled words.
Something tries to affect you, but you resist.
You see here an arrow.
d - an arrow Something hits you!
* * * LOW HITPOINT WARNING * * *
You hear some strange, mumbled words.
A puff of flame appears from out of thin air!
The puff of flame hits you.
You die...

.##.## .##..## ####
......######.....
..............#
......###.##### #
...#.###...## .###..
...#........######......
..†#####......{.....w..#
... ##.......@###...#
### ###.####.###.(..
#..{((..(....#
#.####(####.## #.#
#......# #.# #####..#
..# # ..# #..#


You could see a worm.

Vanquished Creatures
  A worm (D:2)
  2 ball pythons (D:1)
  3 endoplasms (D:1)
  A giant cockroach (D:2)
  6 goblins (D:1)
  3 hobgoblins
  A kobold (D:1)
  2 quokkas (D:1)
  3 bats (D:1)
  2 frilled lizards (D:1)
  A rat (D:1)
25 creatures vanquished.

Notes
Turn   | Place    | Note
-------+----------+-------------------------------------------
     0 | D:1      | pkoi the Minotaur Hunter began the quest for the Orb.
     0 | D:1      | Reached XP level 1. HP: 18/18 MP: 0/0
   205 | D:1      | Reached XP level 2. HP: 25/25 MP: 1/1
   221 | D:1      | Reached skill level 5 in Bows
   231 | D:1      | Found a faded altar of an unknown god.
   366 | D:1      | Became a worshipper of Jiyva Jukhlyba the Shapeless
   366 | D:1      | Reached * piety under Jiyva
   824 | D:2      | Reached XP level 3. HP: 30/30 MP: 2/2
   854 | D:2      | Noticed Sigmund
   880 | D:2      | Killed from afar by Sigmund

Illustrated notes

Levels and vault maps discovered:
D:1:      minmay_arrival_shattered_statue, layout_basic,
          ebering_ecumenical_altar_box
D:2:      layout_loops_ring, uniq_sigmund

Skill      XL: |  1  2 |
---------------+-------+-----
Bows           | 5 |  5.6
Fighting       | |  2.4
Dodging        | |  2.1
Stealth        | |  0.7

Action                   || total
-------------------------++-------
 Fire: Shortbow          ||    60
Armor: Leather armour    ||     2
Dodge: Dodged            ||    18
